 Dungeon Crawl Stone Soup version 0.21.0-3-g78d12a8 (webtiles) character file.

282 Gorice the Slasher (level 6, 0/47 HPs)
             Began as a Demonspawn Fighter on Jan 13, 2018.
             Slain by a hobgoblin
             ... wielding a cursed +0 club
              (1 damage)
             ... on level 3 of the Dungeon.
             The game lasted 00:12:37 (2869 turns).

Gorice the Slasher (Demonspawn Fighter)             Turns: 2869, Time: 00:12:38

Health: 0/47       AC:  7    Str: 18    XL:     6   Next: 6%
Magic:  6/6        EV:  7    Int: 10    God:
Gold:   163        SH:  4    Dex: 12    Spells: 5/5 levels left

rFire    . . .     SeeInvis .   a - +0 long sword
rCold    . . .     Gourm    .   r - +0 buckler
rNeg     . . .     Faith    .   v - +0 chain mail
rPois    +         Spirit   .   (no helmet)
rElec    .         Reflect  .   q - scarf {cloud immunity}
rCorr    .         Harm     .   (no gloves)
MR       .....                  (no boots)
Stlth    ..........             (no amulet)
HPRegen  0.15/turn              l - ring of poison resistance
MPRegen  0.10/turn              (no ring)

@: corroded
A: claws 2, yellow scales 1, nightstalker 1
a: no special abilities


You were on level 3 of the Dungeon.
You were not hungry.

You visited 1 branch of the dungeon, and saw 3 of its levels.
You also visited: Sewer.

You collected 163 gold pieces.

Inventory:

Hand Weapons
 a - a +0 long sword (weapon)
Missiles
 h - 2 needles of sleeping
 i - a tomahawk (quivered)
 u - 7 sling bullets
 Y - 47 stones
Armour
 b - a +1 scale mail
 c - a +0 shield
 q - a scarf of cloud immunity (worn)
   (You found it on level 1 of the Dungeon)
 r - a +0 buckler (worn)
 v - a +0 chain mail (worn)
Jewellery
 l - a ring of poison resistance (left claw)
Scrolls
 p - 3 scrolls of teleportation {!r}
 x - a scroll of enchant armour
Potions
 d - a potion of might {!q}
 e - 5 potions of flight
 j - a potion of lignification {!q}
 k - a potion of heal wounds {!q}
 m - 3 potions of curing
 o - a potion of haste {!q}
Comestibles
 f - 7 rations
 g - 3 chunks of flesh


   Skills:
 - Level 3.0 Fighting
 - Level 4.9 Long Blades
 + Level 4.1 Armour
 - Level 2.6 Shields
 * Level 0.0 Unarmed Combat


You had 5 spell levels left.
You didn't know any spells.

Dungeon Overview and Level Annotations

Branches:
Dungeon (3/15)

Altars:


Innate Abilities, Weirdness & Mutations

You have very sharp fingernails.
You are partially covered in yellow scales. (AC +2)
You are slightly more attuned to the shadows.


Message History

Damage: 28 (max 28)
The giant cockroach closely misses you.
You hit the quokka but do no damage. The giant cockroach barely misses you.
You block the quokka's attack. The giant cockroach bites you.
* * * LOW HITPOINT WARNING * * *
Damage: 2 (max 28)
You hit the giant cockroach but do no damage.
The quokka barely misses you.
You riposte.
You hit the quokka.
You kill the quokka!
You block the giant cockroach's attack.
You hit the hobgoblin but do no damage.
The giant cockroach bites you but does no damage.
The hobgoblin hits you but does no damage.
You barely miss the hobgoblin. You block the giant cockroach's attack.
The giant cockroach barely misses you.
You riposte.
You hit the giant cockroach.
The giant cockroach is almost dead.
The hobgoblin hits you but does no damage.
You completely miss the hobgoblin. The giant cockroach bites you.
* * * LOW HITPOINT WARNING * * *
The hobgoblin hits you but does no damage.
Damage: 2 (max 28)
You hit the hobgoblin.
The hobgoblin is lightly wounded.
You block the giant cockroach's attack.
The hobgoblin hits you but does no damage.
The giant cockroach barely misses you.
You completely miss the hobgoblin.
The hobgoblin is lightly wounded.
The giant cockroach barely misses you. The hobgoblin barely misses you.
You riposte.
You barely miss the hobgoblin.
The hobgoblin is lightly wounded.
You closely miss the hobgoblin.
The hobgoblin is lightly wounded.
You block the giant cockroach's attack.
The hobgoblin zaps a wand.
The bolt of acid hits you!
* * * LOW HITPOINT WARNING * * *
You are splashed with acid!
The acid burns!
* * * LOW HITPOINT WARNING * * *
You closely miss the hobgoblin.
The hobgoblin is lightly wounded.
The giant cockroach bites you.
* * * LOW HITPOINT WARNING * * *
The hobgoblin hits you but does no damage.
The giant cockroach bites you but does no damage.
Damage: 16 (max 28)
You hit the hobgoblin but do no damage.
The giant cockroach bites you but does no damage.
The hobgoblin hits you with a club.
You die...

#...##..###.#.##....
##.###..# #...##.###
#..##..###.#..÷...#
##.>........##.#÷#.#
#.........#.###....#
##)..#..##.. #.##..#
#...#..# #.#.# ..#
#...#..# ..# ..#
#.@.#..# #.# ...
#...sg...# #. ..#
#........#
#..........
#..........
#?........#
#.....!....


You could see a giant cockroach and a hobgoblin.

Vanquished Creatures
  3 orc wizards
  An orc priest (D:2)
  A merfolk avatar (Sewer)
  A merfolk siren (Sewer)
  3 adders
  A river rat (Sewer)
  4 leopard geckos
  An orc (D:3)
  8 bats
  8 giant cockroaches
  8 goblins
  5 hobgoblins
  5 jackals (D:1)
  A quokka (D:3)
  5 ball pythons
  5 frilled lizards
  A kobold (D:2)
  35 rats
96 creatures vanquished.

Notes
Turn   | Place    | Note
-------+----------+-------------------------------------------
     0 | D:1      | Gorice the Demonspawn Fighter began the quest for the Orb.
     0 | D:1      | Reached XP level 1. HP: 18/18 MP: 1/1
    81 | D:1      | Reached skill level 2 in Long Blades
   142 | D:1      | Gained mutation: You are partially covered in yellow scales. (AC +2) [demonic ancestry]
   142 | D:1      | Reached XP level 2. HP: 20/24 MP: 2/2
   365 | D:1      | Reached skill level 3 in Armour
   731 | D:1      | Gained mutation: You are slightly more attuned to the shadows. [demonic ancestry]
   731 | D:1      | Reached XP level 3. HP: 29/29 MP: 3/3
  1047 | D:2      | Reached skill level 3 in Long Blades
  1599 | D:3      | Reached XP level 4. HP: 35/35 MP: 4/4
  1671 | D:3      | Found a glowing drain.
  1675 | Sewer    | Entered a sewer
  2137 | Sewer    | Reached skill level 4 in Long Blades
  2202 | Sewer    | Noticed a malarious merfolk avatar
  2212 | Sewer    | Gained mutation: You have sharp fingernails. [demonic ancestry]
  2212 | Sewer    | Reached XP level 5. HP: 41/41 MP: 5/5
  2606 | Sewer    | --well that was crap
  2717 | D:2      | Reached skill level 4 in Armour
  2854 | D:3      | Gained mutation: You have very sharp fingernails. [demonic ancestry]
  2854 | D:3      | Reached XP level 6. HP: 47/47 MP: 6/6
  2867 | D:3      | HP: 10/47 [hobgoblin/wand of acid (5) (7)]
  2867 | D:3      | HP: 2/47 [acid (8)]
  2869 | D:3      | Slain by a hobgoblin

Skill      XL: |  1  2  3  4  5 |
---------------+----------------+-----
Long Blades    | 2 3 4 |  4.9
Armour         | 3 4 |  4.1
Fighting       | |  3.0
Shields        | |  2.6

Action                   |  1- 3 |  4- 6 || total
-------------------------+-------+-------++-------
Melee: Long sword        |   137 |   190 ||   327
Throw: Stone             |       |     2 ||     2
       Tomahawk          |       |     2 ||     2
  Use: Scroll            |    10 |     2 ||    12
  Eat: Chunk             |     2 |     5 ||     7
Armor: Scale mail        |    54 |       ||    54
       Chain mail        |    32 |   140 ||   172
Dodge: Dodged            |    43 |    71 ||   114
Block: Shield            |    43 |       ||    43
       Buckler           |    16 |    50 ||    66
       Rpst.: Long sword |    21 |    24 ||    45

Table legend:
 A = Turns spent in this place as a percentage of turns spent in the entire game.
 B = Non-inter-level travel turns spent in this place as a percentage of non-inter-level travel turns spent in the entire game.
 C = Inter-level travel turns spent in this place as a percentage of turns spent in this place.
 D = Turns resting spent in this place as a percentage of non-inter-level travel turns spent in this place.
 E = Turns spent auto-exploring this place as a percentage of non-inter-level travel turns spent in this place.
 F = Non-inter-level travel turns spent in this place divided by the number of levels of this place that you've seen.
                   A       B       C       D       E      F
               +-------+-------+-------+-------+-------+----------------------
         Total | 100.0 | 100.0 |   2.2 |  23.5 |  28.8 | 701.8
       Dungeon |  67.5 |  66.8 |   3.2 |  14.1 |  41.7 | 624.7
         Sewer |  32.5 |  33.2 |   0.0 |  42.2 |   3.0 | 933.0
               +-------+-------+-------+-------+-------+----------------------

Vault maps used:
D:1:      zaba_arrival_water, minmay_tetromino_t2
D:2:      minivault_14
D:3:      first_ration, gup_sewer_entry_bowl
Sewer:    sewer_sea
